 Dungeon Crawl Stone Soup version 0.30-a0-465-g8901f6c8b5 (webtiles) character file.

Game seed: 10315827367420271331

111 Mitcholas the Chopper (level 4, -3/41 HPs)
             Began as a Hill Orc Monk on Dec 18, 2022.
             Succumbed to a scorpion's poison
             ... on level 5 of the Dungeon.
             The game lasted 00:07:09 (2965 turns).

Mitcholas the Chopper (Hill Orc Monk)               Turns: 2965, Time: 00:07:09

Health: -3/41      AC: 13    Str: 15    XL:     4   Next: 92%
Magic:  1/4        EV:  4    Int: 10    God:
Gold:   103        SH:  0    Dex: 13    Spells: 3/3 levels left

rFire   + . .      SeeInvis .    a - +0 hand axe
rCold   . . .      Faith    .    (no shield)
rNeg    . . .      Spirit   +    r - +0 plate armour
rPois   .          Reflect  .    u - +0 helmet
rElec   .          Harm     .    d - scarf {repulsion}
rCorr   +          Rampage  .    t - +0 pair of gloves
Will    .....                    (no boots)
Stlth   ..........               w - amulet of guardian spirit
HPRegen 0.26/turn                b - ring of protection from fire
MPRegen 0.09/turn                m - ring of resist corrosion

@: lethally poisoned (-3 -> -17), repel missiles
A: no striking features
a: no special abilities


You were on level 5 of the Dungeon.
You visited 1 branch of the dungeon, and saw 6 of its levels.

You collected 229 gold pieces.
You spent 126 gold pieces at shops.

Inventory:

Hand Weapons
 a - a +0 hand axe (weapon)
Armour
 d - a scarf of repulsion (worn)
 i - a +0 kite shield
 r - a +0 plate armour (worn)
 t - a +0 pair of gloves (worn)
 u - a +0 helmet (worn)
Jewellery
 b - a ring of protection from fire (left hand)
 m - a ring of resist corrosion (right hand)
 w - an amulet of guardian spirit (around neck)
Scrolls
 g - a scroll of enchant armour {unknown}
 h - a scroll of fear {unknown}
 j - 2 scrolls of teleportation {unknown}
 o - 2 scrolls of identify {unknown}
 v - a scroll of poison {unknown}
 x - a scroll of enchant weapon {unknown}
 y - a scroll of summoning {unknown}
Potions
 c - a potion of ambrosia
 e - a potion of attraction {unknown}
 f - a potion of resistance {unknown}
 k - a potion of might {unknown}
 l - a potion of curing {unknown}
 n - a potion of haste {unknown}
 p - a potion of heal wounds {unknown}
 q - 3 potions of magic {unknown}
 s - a potion of mutation {unknown}


   Skills:
 + Level 4.4 Fighting
 * Level 5.6 Axes
 + Level 2.0 Armour
 - Level 2.4 Dodging
 - Level 1.5 Stealth
 + Level 1.4 Shields


You had 3 spell levels left.
You didn't know any spells.
Your spell library contained the following spells:

 Spells                   Type           Power      Damage    Failure   Level
 Sublimation of Blood     Necr           0%         N/A       100%        2
 Call Canine Familiar     Summ           0%         N/A       100%        3
 Portal Projectile        Hex/Tloc       0%         N/A       100%        3
 Tukima's Dance           Hex            0%         N/A       100%        3
 Leda's Liquefaction      Hex/Erth       0%         N/A       100%        4
 Passage of Golubria      Tloc           0%         N/A       100%        4
 Petrify                  Tmut/Erth      0%         N/A       100%        4
 Irradiate                Conj/Tmut      0%         3d11      100%        5
 Yara's Violent Unravell  Hex/Tmut       0%         3d3       100%        5


Dungeon Overview and Level Annotations

Branches:
Dungeon (6/15)
 Temple: D:4-7

Altars:

Shops:
D:3 [=


Message History

You feel sick. The scorpion stings you.
* * * LOW HITPOINT WARNING * * *
You hit the scorpion but do no damage.
The scorpion is lightly wounded.
You feel sick.
The scorpion stings you but does no damage.
You hit the scorpion but do no damage.
The scorpion is lightly wounded.
You feel sick.
The scorpion stings you but does no damage.
You hit the scorpion.
The scorpion is moderately wounded.
You feel sick. The scorpion stings you.
* * * LOW HITPOINT WARNING * * *
The scorpion stings you but does no damage.
You hit the scorpion.
The scorpion is moderately wounded.
* * * LOW HITPOINT WARNING * * *
You feel sick.
The scorpion stings you but does no damage.
You hit the scorpion but do no damage.
The scorpion is moderately wounded.
* * * LOW HITPOINT WARNING * * *
You feel sick.
The scorpion stings you but does no damage.
You closely miss the scorpion.
The scorpion is moderately wounded.
* * * LOW HITPOINT WARNING * * *
You feel sick.
You are no longer poisoned.
The scorpion barely misses you.
You closely miss the scorpion.
The scorpion is moderately wounded.
The scorpion barely misses you. The scorpion stings you.
* * * LOW HITPOINT WARNING * * *
You are lethally poisoned!
The scorpion poisons you!
You hit the scorpion but do no damage.
The scorpion is moderately wounded.
You die...

# .. ###.
.#...#####
#........#
#........#
#..$...@.#######
..##...s[......#
####........#
#........#
#.######## #.#
#.########## .
#...s......# .
##########.#####..


You could see a scorpion.

Vanquished Creatures
  Robin (D:3)
  2 adders
  A worm (D:2)
  2 dart slugs (D:1)
  5 orcs (D:3)
  3 bats
  6 endoplasms
  3 giant cockroaches
  12 goblins
  6 hobgoblins
  4 quokkas
  3 ball pythons
  2 frilled lizards (D:2)
  7 kobolds
  8 rats
  A spectral hobgoblin (D:2)
66 creatures vanquished.

Notes
Turn   | Place    | Note
-------+----------+-------------------------------------------
     0 | D:1      | Mitcholas the Hill Orc Monk began the quest for the Orb.
     0 | D:1      | Reached XP level 1. HP: 19/19 MP: 1/1
   113 | D:1      | Reached XP level 2. HP: 27/27 MP: 2/2
   211 | D:1      | Reached skill level 1 in Armour
   685 | D:1      | Reached XP level 3. HP: 24/33 MP: 3/3
  1241 | D:2      | Reached skill level 5 in Axes
  1399 | D:2      | Found a faded altar of an unknown god.
  1628 | D:2      | Reached XP level 4. HP: 40/40 MP: 4/4
  2046 | D:3      | Reached skill level 1 in Shields
  2139 | D:3      | Found Toassamp's Armour Shop.
  2193 | D:3      | Noticed Robin
  2221 | D:3      | Killed Robin
  2282 | D:3      | Bought a +0 pair of gloves for 63 gold pieces
  2282 | D:3      | Bought a +0 helmet for 63 gold pieces
  2482 | D:3      | Found Luzosed's Jewellery Shoppe.
  2910 | D:4      | You fall into a shaft and drop 2 floors!
  2922 | D:5      | Entered Level 5 of the Dungeon
  2922 | D:5      | Noticed a scorpion
  2962 | D:5      | HP: 2/41 [poisoned by a scorpion]
  2965 | D:5      | Succumbed to a scorpion's poison

Illustrated notes

Levels and vault maps discovered:
D:1:      giann_forest_graveyard, layout_loops_ring
D:2:      layout_basic, dreamdust_ecumenical_altar_drowned_temple,
          grunt_ministairs_5, kennysheep_decorative_pillar,
          minmay_tiny_reverse_x
D:3:      layout_loops_ring, serial_shops, nicolae_shop_statue_plus,
          nicolae_shop_behind_doors, uniq_robin
D:4:      layout_gridville, nicolae_qazlal_style_of_elements, uniq_duvessa
D:5:      layout_basic
D:6:      layout_cave_pools, nicolae_shop_overcharged_wands

Skill      XL: |  1  2  3  4 |
---------------+-------------+-----
Armour         | 1 2 |  2.0
Fighting       | 4 |  4.4
Axes           | 5 |  5.6
Shields        | 1 |  1.4
Dodging        | |  2.4
Stealth        | |  1.5

Action                   |  1- 3 |  4- 6 || total
-------------------------+-------+-------++-------
Melee: Hand axe          |   136 |   103 ||   239
       Punch             |     2 |       ||     2
 Stab: Sleeping          |     8 |       ||     8
Armor: Robe              |    16 |       ||    16
       Ring mail         |    31 |       ||    31
       Plate armour      |       |    59 ||    59
Dodge: Dodged            |    66 |    18 ||    84

Table legend: (Time is in decaauts)
 A = Elapsed time spent in this place.
 B = Non-inter-level travel time spent in this place.
 C = Inter-level travel time spent in this place.
 D = Time resting spent in this place.
 E = Time spent auto-exploring this place.
 F = Levels seen in this place.
 G = Mean time per level.
                   A        B        C        D        E       F      G
               +--------+--------+--------+--------+--------+-----+--------+
         Total |   2985 |   2793 |    192 |    246 |   1845 |   6 |  497.5 |
       Dungeon |   2985 |   2793 |    192 |    246 |   1845 |   6 |  497.5 |
               +--------+--------+--------+--------+--------+-----+--------+

Top non-repeatable levels by time:
     D:2: 1072 daAuts
     D:1: 973 daAuts
     D:3: 862 daAuts
     D:5: 43 daAuts
     D:4: 21 daAuts
     D:6: 11 daAuts
